Map: 2000 Atmospheres LE

Players

HeroMarine

  • Race: Terran Terran

Vanya - Winner!

  • Race: Zerg Zerg

Event: DreamHack SC2 Masters 2021 Winter

VOD

Have the link to the VOD?

Description

Time

  • Played on: Sept. 30, 2021, 12:13 p.m.
  • Length: 5:42

All games in this series

Show
View Real Time Build Order
Export as new Build Order

HeroMarine Terran 

Build Orders: Liberator Opening 

Get SALT Encoding   

  12  0:00  SCV  
  13  0:12  SCV  
  14  0:17  Supply Depot  
  14  0:24  SCV  
  15  0:38  SCV  
  15  0:39  Barracks  
  15  0:42  Refinery  
  16  0:50  SCV  
  17  1:02  SCV  
  18  1:14  SCV  
  19  1:27  Barracks Reactor, Orbital Command  
  19  1:38  Command Center  
  19  1:46  Supply Depot  
  19  1:52  SCV  
  20  2:03  Factory  
  20  2:04  SCV, Marine  
  20  2:08  Marine  
  23  2:14  Refinery  
  23  2:17  SCV  
  23  2:22  Marine  
  24  2:25  Marine  
  24  2:29  SCV  
  27  2:41  SCV  
  30  2:49  Starport  
  28  2:52  Orbital Command  
  28  2:53  SCV  
  28  2:54  Hellion x2  
  28  2:56  Marine  
  34  3:05  SCV  
  35  3:13  Supply Depot  
  35  3:16  Hellion x2  
  35  3:17  Marine  
  40  3:20  SCV  
  40  3:22  SCV  
  42  3:28  Medivac  
  42  3:32  SCV  
  45  3:35  SCV, Marine  
  45  3:38  Supply Depot  
  47  3:45  Hellion, SCV  
  47  3:47  SCV  
  53  3:48  Hellion  
  53  3:56  Barracks Tech Lab  
  53  3:57  SCV  
  53  3:59  Liberator  
  53  4:00  SCV  
  58  4:03  Supply Depot  
  58  4:09  SCV  
  59  4:12  SCV  
  60  4:17  Marine  
  60  4:21  SCV  
  62  4:25  Hellion x2, SCV  
  65  4:33  SCV  
  65  4:37  SCV  
  66  4:45  SCV  
  66  4:47  Starport Tech Lab  
  66  4:49  SCV  
  63  4:58  SCV  
  52  5:01  SCV  
  52  5:06  Siege Tank, Marine x2  
  55  5:09  Supply Depot  
  55  5:10  Supply Depot x2, SCV  
  58  5:18  SCV  
  52  5:30  SCV  
Show
View Real Time Build Order
Export as new Build Order

Vanya Zerg - Winner!

Build Orders: Hatch First 

Get SALT Encoding   

  12  0:00  Drone  
  13  0:11  Overlord  
  13  0:16  Drone  
  14  0:30  Drone x2  
  16  0:47  Hatchery  
  15  0:50  Drone  
  15  0:54  Drone  
  17  0:57  Drone  
  18  1:07  Extractor  
  17  1:12  Spawning Pool  
  17  1:16  Drone  
  17  1:19  Drone  
  18  1:27  Drone  
  19  1:38  Drone  
  20  1:49  Drone  
  21  1:59  Queen x2  
  21  2:00  Zergling x4  
  27  2:12  Hatchery  
  26  2:17  Overlord  
  26  2:20  Drone  
  27  2:23  Drone  
  28  2:33  Metabolic Boost  
  28  2:37  Drone x3  
  28  2:43  Queen  
  33  2:48  Overlord  
  33  2:51  Drone  
  33  2:53  Drone  
  33  2:56  Drone  
  36  3:09  Drone x2  
  36  3:10  Drone x2  
  36  3:11  Drone  
  41  3:15  Roach Warren  
  41  3:16  Drone, Extractor  
  41  3:18  Drone  
  41  3:26  Drone  
  42  3:31  Zergling x4  
  43  3:37  Overlord  
  43  3:46  Overlord x2  
  43  3:55  Roach x4  
  49  3:57  Roach x2  
  49  4:00  Roach  
  57  4:02  Overlord  
  57  4:06  Roach  
  57  4:07  Roach  
  61  4:12  Zergling x4  
  63  4:17  Overlord  
  63  4:18  Zergling x6  
  66  4:24  Overlord  
  66  4:27  Zergling x6  
  66  4:30  Overlord  
  68  4:34  Overlord  
  68  4:40  Zergling x6  
  67  4:52  Zergling x12  
  68  4:55  Ravager  
  68  4:56  Ravager  
  67  5:02  Zergling x4  
  67  5:03  Zergling x2  
  67  5:05  Drone  
  67  5:06  Drone  
  70  5:08  Drone  
  70  5:15  Drone x3  
  73  5:22  Drone x3  
  73  5:26  Drone x2  
  78  5:28  Drone  

Tags
 
Add a new tag
Caveats
  • Supply blocks, unpowered buildings, or Contaminate may cause inaccurate times.
  • Supply counts are checked every 10 seconds.